 Dungeon Crawl Stone Soup version 0.30-a0-364-gf6b3ef1049 (webtiles) character file.

Game seed: 13517684356465849041

6419 Zonian the Nimble (level 11, -3/73 HPs)
             Began as a Djinni Ice Elementalist on Nov 16, 2022.
             Was a Believer of Ashenzari.
             Slain by a vault guard
             ... wielding a +0 broad axe
              (12 damage)
             ... in a bailey.
             The game lasted 00:33:20 (17494 turns).

Zonian the Nimble (Djinni Ice Elementalist)        Turns: 17494, Time: 00:33:21

Health: -3/73      AC: 10    Str:  7    XL:     11   Next: 18%
Gold:   178        EV: 16    Int: 21    God:    Ashenzari [**....] SH:  7 Dex: 14

rFire   + + .      SeeInvis +    w - +4 dagger (venom)
rCold   . . .      Faith    .    j - +2 buckler of Supernal Wisdom {Fort, Cun} (curse)
rNeg    . . .      Spirit   .    t - +2 robe {rC+}
rPois   ∞          Reflect  .    l - +0 helmet
rElec   .          Harm     .    m - +0 cloak of the Eye in the Sky {Evo, Melee} (curse)
rCorr   .          Rampage  .    (no gloves)
Will    +....                    (boots unavailable)
Stlth   ++++......               (no amulet)
HPRegen 0.32/turn                J - ring "Ruined Morality" {AC+4, Evo, Fort} (curse)
MPRegen 0.00/turn                (no ring)

@: mighty, brilliant, freezing walls, flying
A: sickness immunity, fire resistance 2, cold vulnerability 1, float, innate
caster, HP casting, extra vitality 1
a: Renounce Religion, Curse Item, Shatter the Chains


You were in a bailey.
You worshipped Ashenzari.
Ashenzari was pleased with you.
You visited 2 branches of the dungeon, and saw 10 of its levels.
You also visited: Bailey.

You collected 574 gold pieces.
You spent 396 gold pieces at shops.

Inventory:

Hand Weapons
 b - a +2 dire flail of pain
 c - a +0 short sword of protection
 f - a +0 sling
 o - a +2 whip of distortion
 w - a +4 dagger of venom (weapon)
 x - a +0 long sword
 z - a +0 rapier
 G - a +0 scimitar
 I - a +1 flail of freezing
 K - a +1 quarterstaff of speed
 M - a +3 trident
 N - a +3 trident of freezing
 R - a +2 vorpal hand axe
Missiles
 g - 9 poisoned darts
 C - 6 curare-tipped darts
 P - 6 boomerangs
Armour
 a - a +0 robe
 j - the cursed +2 buckler of Supernal Wisdom (worn) {Fort, Cun}
   (You found it on level 1 of the Dungeon)

   It has a curse which improves the following skills: Fortitude: Armour and
   Shields.
   Cunning:   Dodging and Stealth.
 l - a +0 helmet (worn)
 m - the cursed +0 cloak of the Eye in the Sky (worn) {Evo, Melee}
   (You found it on level 3 of the Dungeon)

   It has a curse which improves the following skills: Evocations: Evocations.
   Melee Combat: Short Blades, Long Blades, Axes, Maces & Flails, Polearms,
   Staves and Unarmed Combat.
 t - a +2 robe of cold resistance (worn)
 v - a scarf of harm
 D - the +2 ring mail of Xom {rCorr Slay+5 SInv}
   (You found it on level 6 of the Dungeon)

   Slay:      It affects your accuracy & damage with ranged weapons and melee
   (+5).
   SInv:      It lets you see invisible.
   rCorr:     It protects you from acid and corrosion.
Jewellery
 J - the cursed ring "Ruined Morality" (left hand) {AC+4, Evo, Fort}
   (You bought it in a shop on level 1 of the Dungeon)

   [ring of protection]

   AC:        It affects your AC (+4).
   It has a curse which improves the following skills: Evocations: Evocations.
   Fortitude: Armour and Shields.
Wands
 h - a wand of flame (17)
 y - a wand of polymorph (12)
 E - a wand of mindburst (16)
 Q - a wand of charming (4)
Scrolls
 e - 4 scrolls of teleportation
 B - a scroll of fog
 H - 2 scrolls of immolation
 L - a scroll of blinking
Potions
 i - a potion of magic
 n - 3 potions of haste
 p - 2 potions of lignification
 q - a potion of attraction
 r - 4 potions of curing
 s - 2 potions of might
 u - a potion of mutation
 A - a potion of invisibility
 F - a potion of resistance
 O - a potion of ambrosia


   Skills:
 + Level 4.2 Fighting
 - Level 3.2(4.9) Armour
 - Level 9.1(10.4) Dodging
 - Level 7.5(8.8) Stealth
 - Level 4.0(5.7) Shields
 + Level 7.9 Spellcasting


You had one spell level left.
You knew the following spells:

 Your Spells              Type           Power      Damage    Failure   Level
a - Freeze                Ice            100%       1d10      1%          1
b - Frozen Ramparts       Ice            100%       1d16      1%          3
c - Ozocubu's Armour      Ice            58%        N/A       1%          3
d - Summon Ice Beast      Ice/Summ       58%        N/A       4%          4
e - Magic Dart            Conj           100%       1d8       1%          1
f - Searing Ray           Conj           100%       2d8       1%          2
g - Hailstorm             Conj/Ice       58%        3d13      1%          3
h - Lesser Beckoning      Tloc           100%       N/A       1%          3
i - Fulminant Prism       Conj/Hex       29%        3d14      4%          4
Your spell library was empty.

Dungeon Overview and Level Annotations

Branches:
Dungeon (9/15)             Temple (1/1) D:5          Bailey (1/1)
   Lair: D:8-11         Orc: D:9-12

Altars:
Ashenzari
Cheibriados
Dithmenos
Elyvilon
Fedhas
Gozag
Makhleb
Nemelex Xobeh
Okawaru
Qazlal
Ru
Trog
Xom
Yredelemnul
Zin
The Shining One

Shops:
D:1 =   D:2 [   D:7 :


Innate Abilities, Weirdness & Mutations

You are immune to sickness and miasma.
You are immune to poison.
Your flesh is very heat resistant. (rF++)
You are vulnerable to cold. (rC-)
You float through the air rather than walking.
You learn spells naturally, not from books.
Your magical power is your life essence.
You have superior vitality. (+4 MHP)


Message History

Casting: Frozen Ramparts (safe; 1% risk of failure)
Press: ? - help, Dir - look around, f - activate You feel a surge of power!
The walls around you are covered in ice.
The wall freezes the vault guard.
You block the vault guard's attack.
You hit the vault guard but do no damage.
The vault guard is heavily wounded.
The wall freezes the vault guard but does no damage.
The vault guard hits you with a +0 broad axe.
Unknown command.
You puncture the vault guard!
The vault guard is poisoned.
The vault guard is heavily wounded.
The wall freezes the vault guard.
The vault guard hits you with a +0 broad axe.
The wall freezes the vault guard!
The vault guard hits you with a +0 broad axe!!
* * * LOW HITPOINT WARNING * * *
You feel much better.
The wall freezes the vault guard but does no damage.
The vault guard hits you with a +0 broad axe!
* * * LOW HITPOINT WARNING * * *
Unknown command.
Casting: Frozen Ramparts (safe; 1% risk of failure)
Confirm with . or Enter, or press ? or * to list all spells.
Aiming: Searing Ray (safe; 1% risk of failure)
Press: ? - help, Shift-Dir - straight line, f - vault guard
Aim: a vault guard, wielding a +0 broad axe and wearing a +0 chain mail (severely wounded, very poisoned, 81% to hit)
You feel a surge of power!
The searing ray hits the vault guard!
The vault guard is almost dead. (Press . to maintain the ray.)
* * * LOW HITPOINT WARNING * * *
The wall freezes the vault guard but does no damage.
The vault guard hits you with a +0 broad axe.
* * * LOW HITPOINT WARNING * * *
The searing ray hits the vault guard!
The vault guard is almost dead.
* * * LOW HITPOINT WARNING * * *
The wall freezes the vault guard but does no damage.
The vault guard hits you with a +0 broad axe!
You die...

###....##~~)').∩..#
~≈≈≈###..######[....#
~~~ ~##'#....'..∩..#
~~~~ ~#......##...##
~ ~~~~≈ #.......#####
~~.~≈#######...#
...~~≈≈≈#..##..# ,
........#†.#...#
F~~~~~.)p@.#...#
~~≈≈≈≈~~#†....## ,~
≈≈####≈≈#....##
,,######### ~~ * , ~
~ ,, * ~ , ~ *


You could see a vault guard (very poisoned).

Vanquished Creatures
  A hornet (D:8)
  Prince Ribbit (Bailey)
  A wyvern (D:8)
  Eustachio (D:5)
  4 humans (Bailey)
  A yak (D:5)
  Edmund (D:5)
  3 water moccasins
  4 ice beasts
  3 black bears
  2 sky beasts
  3 ogres
  2 centaurs
  15 bullfrogs
  3 phantoms
  4 scorpions (D:5)
  A gnoll sergeant (D:9)
  3 necrophages
  10 wights
  3 killer bees (D:8)
  2 howler monkeys
  5 jellies
  2 orc priests
  4 hounds
  Jessica (D:3)
  Terence (D:2)
  8 iguanas
  4 orc wizards
  14 gnolls
  4 adders
  3 shadow imps
  A white imp (D:5)
  An ufetubus (D:5)
  3 worms
  3 dart slugs
  28 orcs
  8 endoplasms
  3 giant cockroaches (D:1)
  13 goblins
  5 hobgoblins
  2 jackals (D:1)
  7 kobolds
  A quokka (D:3)
  2 ball pythons
  6 bats
  5 frilled lizards
  8 rats
210 creatures vanquished.

Notes
Turn   | Place    | Note
-------+----------+-------------------------------------------
     0 | D:1      | Zonian the Djinni Ice Elementalist began the quest for the
                  | Orb.
     0 | D:1      | Zonian set off with the following spells memorised: Freeze,
                  | Frozen Ramparts, Ozocubu's Armour, Summon Ice Beast.
     0 | D:1      | Reached XP level 1. HP: 15/15 MP: 0/0
    35 | D:1      | Found Okhungaf's Jewellery Shop.
   488 | D:1      | Reached XP level 2. HP: 17/21 MP: 0/0
   870 | D:1      | Reached XP level 3. HP: 14/25 MP: 0/0
   870 | D:1      | Learned a level 1 spell: Magic Dart
  1918 | D:1      | Found a faded altar of an unknown god.
  2026 | D:2      | Noticed Terence
  2075 | D:2      | Reached skill level 3 in Dodging
  2081 | D:2      | Found Ycinos's Armour Shop.
  2302 | D:2      | Reached XP level 4. HP: 22/31 MP: 0/0
  2831 | D:2      | Killed Terence
  2832 | D:2      | Reached skill level 1 in Shields
  2832 | D:2      | Reached XP level 5. HP: 14/35 MP: 0/0
  2832 | D:2      | Learned a level 2 spell: Searing Ray
  3766 | D:3      | Noticed a sky beast
  3880 | D:3      | Noticed a phantom
  3895 | D:3      | Killed a phantom
  3896 | D:3      | Reached XP level 6. HP: 25/40 MP: 0/0
  4782 | D:3      | Noticed Jessica
  4793 | D:3      | Killed Jessica
  4794 | D:3      | Reached skill level 4 in Dodging
  5689 | D:4      | Reached XP level 7. HP: 38/45 MP: 0/0
  5689 | D:4      | Learned a level 3 spell: Hailstorm
  7008 | D:5      | Entered Level 5 of the Dungeon
  7399 | D:5      | Noticed Eustachio
  7409 | D:5      | Killed Eustachio
  7644 | D:5      | Found a white marble altar of Elyvilon.
  7669 | D:5      | Reached skill level 5 in Dodging
  8075 | D:5      | Found a staircase to the Ecumenical Temple.
  8084 | Temple   | Entered the Ecumenical Temple
  8271 | Temple   | Became a worshipper of Ashenzari the Shackled
  8344 | D:5      | Reached XP level 8. HP: 41/50 MP: 0/0
  8763 | D:5      | Noticed a yak
  8772 | D:5      | Reached skill level 6 in Dodging
  8772 | D:5      | Reached skill level 5 in Spellcasting
  8783 | D:5      | Killed a yak
  8784 | D:5      | Reached skill level 5 in Stealth
  8978 | D:5      | Found a sparkling altar of Nemelex Xobeh.
  9051 | D:5      | Reached XP level 9. HP: 52/55 MP: 0/0
  9051 | D:5      | Learned a level 3 spell: Lesser Beckoning
  9246 | D:5      | Noticed Edmund
  9260 | D:5      | Killed Edmund
 10546 | D:6      | Identified the +2 ring mail of Xom {rCorr Slay+5 SInv}
 10619 | D:6      | Reached skill level 7 in Dodging
 10906 | D:6      | Reached skill level 1 in Armour
 12716 | D:7      | Found an iron altar of Okawaru.
 12747 | D:7      | Reached * piety under Ashenzari
 13386 | D:7      | Reached XP level 10. HP: 23/60 MP: 0/0
 14115 | D:1      | Bought a +4 ring of protection for 396 gold pieces
 14497 | D:7      | Found Nudeepnu's Book Shop.
 14538 | D:7      | Reached skill level 8 in Dodging
 15406 | D:8      | Found a burning altar of Makhleb.
 15950 | D:8      | Reached ** piety under Ashenzari
 16122 | D:8      | Reached skill level 9 in Dodging
 16774 | D:9      | Noticed a kobold demonologist
 16774 | D:9      | Noticed a kobold demonologist
 16776 | D:9      | Noticed a rust devil
 16846 | D:9      | Found a flagged portal.
 16855 | Bailey   | Entered a bailey
 16992 | Bailey   | Reached skill level 1 in Fighting
 17096 | Bailey   | Reached XP level 11. HP: 22/70 MP: 0/0
 17096 | Bailey   | Learned a level 4 spell: Fulminant Prism
 17475 | Bailey   | Noticed Prince Ribbit
 17478 | Bailey   | Noticed a vault guard
 17481 | Bailey   | Killed Prince Ribbit
 17491 | Bailey   | HP: 1/73 [vault guard/+0 broad axe (22)]
 17494 | Bailey   | Slain by a vault guard

Illustrated notes

Levels and vault maps discovered:
D:1:      scummos_arrival_simple_crosswalls, layout_loops_ring,
          chequers_ecumenical_altar_simple, serial_shops, nicolae_square_shop,
          minmay_misc_feat_four_crosses
D:2:      cheibrodos_helix_gallery, layout_loops_ring, serial_shops, shop,
          uniq_terence
D:3:      layout_rooms, minmay_unequal, uniq_jessica
D:4:      layout_gridville
D:5:      cheibrodos_barr_body, layout_loops_ring, mainiacjoe_overflow_chevrons,
          nicolae_vehumet_altar_sigil, elyvilon_altar_4, uniq_edmund,
          uniq_eustachio
D:6:      layout_basic, serial_co_window_serial, co_window_corner_a,
          co_window_paths_a, co_window_paths_a, co_window_of_opportunity_a,
          co_window_cross_1, co_window_2corner, co_window_corner_b,
          co_window_paths_c, co_window_of_opportunity_c, co_window_broadway_a,
          co_window_corner_b, co_window_paths_d, co_window_sun, glass_columns_a,
          glass_columns_a
D:7:      layout_gridville, nicolae_overflow_crystal_walls, serial_shops, shop,
          lightli_orcish_oven
D:8:      layout_loops_corners, mainiacjoe_overflow_six_doors_small
D:9:      layout_grid_maze, nicolae_overflow_squiral, enter_bailey_2
Temple:   dpeg_chambers_temple
Bailey:   bailey_axe_froggy_fort_hellmonk, bailey

Skill      XL: |  1  2  3  4  5  6  7  8  9 10 11 |
---------------+----------------------------------+-----
Stealth        | 2 3 4 5 6 7 |  7.5
Dodging        | 3 4 5 6 7 9 |  9.1
Shields        | 1 2 3 4 |  4.0
Spellcasting   | 4 5 6 7 |  7.9
Armour         | 2 3 |  3.2
Fighting       | 2 4 |  4.2

Action                   |  1- 3 |  4- 6 |  7- 9 | 10-12 || total
-------------------------+-------+-------+-------+-------++-------
Melee: Short sword       |    25 |    31 |       |       ||    56
       Punch             |     1 |       |       |       ||     1
       Dagger            |       |       |    38 |    71 ||   109
Throw: Dart              |       |     2 |       |       ||     2
 Cast: Freeze            |    34 |    29 |     3 |     9 ||    75
       Magic Dart        |    30 |    40 |    24 |    52 ||   146
       Searing Ray       |       |    16 |    54 |    33 ||   103
       Frozen Ramparts   |       |       |     6 |     8 ||    14
       Ozocubu's Armour  |       |       |     5 |     1 ||     6
Invok: Curse Item        |       |       |     2 |     1 ||     3
  Use: Scroll            |       |     7 |    10 |     1 ||    18
       Potion            |       |       |     3 |     3 ||     6
 Stab: Sleeping          |     1 |     1 |     7 |     5 ||    14
Armor: Robe              |     4 |    18 |    18 |    25 ||    65
       Skin              |       |       |    12 |       ||    12
Dodge: Dodged            |    33 |    29 |    61 |    59 ||   182
Block: Buckler           |     1 |    15 |    41 |    34 ||    91

Table legend: (Time is in decaauts)
 A = Elapsed time spent in this place.
 B = Non-inter-level travel time spent in this place.
 C = Inter-level travel time spent in this place.
 D = Time resting spent in this place.
 E = Time spent auto-exploring this place.
 F = Levels seen in this place.
 G = Mean time per level.
                   A        B        C        D        E       F      G
               +--------+--------+--------+--------+--------+-----+--------+
         Total |  17511 |  16521 |    990 |   8603 |   5619 |  11 | 1591.9 |
       Dungeon |  16656 |  15693 |    963 |   8129 |   5449 |   9 | 1850.7 |
        Temple |    214 |    187 |     27 |      0 |    170 |   1 |  214.0 |
        Bailey |    640 |    640 |      0 |    474 |      0 |   1 |  640.0 |
               +--------+--------+--------+--------+--------+-----+--------+

Top non-repeatable levels by time:
     D:5: 3145 daAuts
     D:6: 2844 daAuts
     D:1: 2159 daAuts
     D:2: 1866 daAuts
     D:4: 1729 daAuts
     D:8: 1684 daAuts
     D:3: 1638 daAuts
     D:7: 1527 daAuts
  Bailey: 640 daAuts
  Temple: 214 daAuts
     D:9: 61 daAuts
